 Dungeon Crawl Stone Soup version 0.31-a0-1612-g4aaf141 (webtiles) character file.

Game seed: 10393645776874869780

200 PidgeyThePirate the Chopper (level 5, -2/44 HPs)
             Began as a Demonspawn Chaos Knight on Jan 9, 2024.
             Was a Plaything of Xom.
             Succumbed to an orc wizard's poison
             ... on level 3 of the Dungeon.
             The game lasted 00:04:14 (1902 turns).

PidgeyThePirate the Chopper (DsCK)                  Turns: 1902, Time: 00:04:15

Health: -2/44      AC:  8    Str: 11 (14) XL:     5   Next: 49%
Magic:  5/5        EV: 11    Int: 11 (12) God:    Xom [...*..]
Gold:   122        SH:  0    Dex: 12 (13) Spells: 4/4 levels left

rFire   x . .        a - +0 hand axe (chaos)
rCold   . . .        (no shield)
rNeg    . . .        b - +2 leather armour
rPois   .            (no helmet)
rElec   .            (no cloak)
rCorr   .            k - +0 pair of gloves
SInv    .            (no boots)
Will    +....        (no amulet)
Stlth   +            (no ring)
HPRegen 0.27/turn    (no ring)
MPRegen 0.09/turn

%: no passive effects
@: lethally poisoned (-2 -> -27), attractive, enlightened, flying, invisible
A: hooves 1, rugged brown scales 2, heat vulnerability 1
a: Renounce Religion


You were on level 3 of the Dungeon.
You worshipped Xom.
You were a favourite toy of Xom.
You visited 1 branch of the dungeon, and saw 4 of its levels.

You collected 122 gold pieces.

Inventory:

Hand Weapons
 a - a +0 hand axe of chaos (weapon)
Armour
 b - a +2 leather armour (worn)
 g - a +0 plate armour
 k - a +0 pair of gloves (worn)
Scrolls
 c - a scroll of butterflies
 d - 3 scrolls of identify {unknown}
 e - a scroll of revelation {unknown}
 f - 3 scrolls of enchant armour {unknown}
 j - 2 scrolls of noise {unknown}
 l - a scroll of immolation {unknown}
 n - a scroll of fear {unknown}
 r - a scroll of blinking {unknown}
Potions
 i - a potion of mutation


   Skills:
 + Level 3.8 Fighting
 + Level 4.7 Axes
 + Level 2.4 Armour
 + Level 1.4 Dodging
 + Level 0.3 Stealth


You had 4 spell levels left.
You didn't know any spells.
Your spell library was empty.

Dungeon Overview and Level Annotations

Branches:
Dungeon (4/15)
 Temple: D:4-7

Altars:


Innate Abilities, Weirdness & Mutations

You have large cloven feet.
You are mostly covered in rugged brown scales. (AC +2, +5% HP)
You are vulnerable to heat. (rF-)


Message History

The orc hits you but does no damage. Something hits you but does no damage.
You are poisoned.
It was a potion of degeneration.
There was something very wrong with that liquid.
You feel weakened.
You feel dopey.
You feel clumsy.
You feel sick. The orc warrior misses you. The orc hits you but does no damage.
Something hits you.
It was a potion of heal wounds.
You feel much better.
You feel sick. The orc warrior barely misses you.
The orc hits you with a +0 flail!
You hear some strange, mumbled words.
A magic dart appears from out of thin air!
The magic dart hits you!
It was a potion of invisibility.
You fade into invisibility!
You feel sick.
The orc warrior hits you with a +0 mace!
The orc closely misses you. Something hits you but does no damage.
You are more poisoned.
You are too confused!
Unknown command.
You are too confused!
You barely miss the orc warrior. Your kick misses the orc warrior.
You miss something. You hit the orc but do no damage.
The orc suddenly seems more resistant.
You feel very sick.
The orc warrior hits you with a +0 mace.
* * * LOW HITPOINT WARNING * * *
The orc hits you with a +0 flail.
* * * LOW HITPOINT WARNING * * *
Something hits you but does no damage.
You are more poisoned.
You bump into the rock wall.
You feel less confused.
* * * LOW HITPOINT WARNING * * *
You feel very sick. The orc warrior barely misses you.
The orc barely misses you. Something hits you but does no damage.
You are more poisoned.
You die...
Xom chortles!

#......# #.# #......# #.#
#......######## #.#
#.............###.#
#.................####
###.#................#
#.#[...............#
#.#................#
###.#..........o@o...#
...[............>#'###
###.#.#.######.#{#.#
#.#.#.#....#.#.#.#
#.#.#.#.##.#.#.#.#
#.#.#.#.##.#...#.#
#.#.#.#.##.#...#.#
#.#.#.#......#.#.#
#.#.#.#........#.#########


You could see an orc warrior (unable to see you) and an orc (resistant, unable
to see you).

Vanquished Creatures
  A scorpion (shapeshifter) (D:3)
  Natasha (thrice) (D:3)
  An adder (D:3)
  2 gnolls (D:1)
  7 endoplasms
  2 giant cockroaches (D:1)
  5 hobgoblins
  5 kobolds
  2 quokkas (D:2)
  4 ball pythons
  3 bats
  4 frilled lizards
  4 rats
43 creatures vanquished.

Notes
Turn   | Place    | Note
-------+----------+-------------------------------------------
     0 | D:1      | PidgeyThePirate the Demonspawn Chaos Knight began the quest
                  | for the Orb.
     0 | D:1      | Reached XP level 1. HP: 18/18 MP: 1/1
   105 | D:1      | Reached skill level 3 in Axes
   142 | D:1      | Gained mutation: You are partially covered in rugged brown
                  | scales. (AC +1, +3% HP) [demonic ancestry]
   142 | D:1      | Reached XP level 2. HP: 18/24 MP: 2/2
   161 | D:1      | XOM: silly message
   324 | D:1      | XOM: silly message
   451 | D:1      | XOM: silly message
   470 | D:1      | Reached XP level 3. HP: 23/29 MP: 3/3
   686 | D:2      | XOM: potion effect (might)
   801 | D:2      | Reached skill level 1 in Dodging
   992 | D:2      | Found a faded altar of an unknown god.
  1100 | D:3      | Noticed Natasha
  1108 | D:3      | Killed Natasha
  1109 | D:3      | Gained mutation: You are mostly covered in rugged brown
                  | scales. (AC +2, +5% HP) [demonic ancestry]
  1109 | D:3      | Reached XP level 4. HP: 23/36 MP: 4/4
  1306 | D:3      | Noticed Natasha
  1310 | D:3      | Reached skill level 4 in Axes
  1323 | D:3      | Killed Natasha
  1656 | D:3      | Noticed Natasha
  1666 | D:3      | Killed Natasha
  1667 | D:3      | Gained mutation: You have large cloven feet. [demonic
                  | ancestry]
  1667 | D:3      | Reached XP level 5. HP: 35/44 MP: 5/5
  1722 | D:3      | a ribbon worm changed into a shapeshifter
  1722 | D:3      | Noticed a shapeshifter (shapeshifter)
  1722 | D:3      | XOM: polymorph ribbon worm -> shapeshifter
  1722 | D:3      | a shapeshifter changed into a scorpion
  1891 | D:4      | Noticed an orc warrior
  1894 | D:3      | Gained mutation: You are vulnerable to heat. (rF-) [potion
                  | of mutation]
  1902 | D:3      | Succumbed to an orc wizard's poison

Illustrated notes

Levels and vault maps discovered:
D:1:      dpeg_arrival_simpleton_a, layout_rooms, nicolae_figureground_pulse
D:2:      layout_rooms, hellmonk_ecumenical_altar_heavens_door, basic_altar
D:3:      layout_basic, hex_tiny, uniq_natasha
D:4:      mumra_celtic_spiral_tile, layout_basic, temple_doors_e

Skill      XL: |  1  2  3  4 |
---------------+-------------+-----
Axes           | 3 4 |  4.7
Armour         | 2 |  2.4
Dodging        | 1 |  1.4
Fighting       | |  3.8
Stealth        | |  0.3

Action                     |  1- 3 |  4- 6 || total
---------------------------+-------+-------++-------
  Melee: Hand axe          |    95 |    42 ||   137
         Kick              |       |     3 ||     3
    Use: Potion            |       |     6 ||     6
 Armour: Leather armour    |    32 |    44 ||    76
         Plate armour      |    71 |       ||    71
  Dodge: Dodged            |    51 |    34 ||    85

Table legend: (Time is in decaauts)
 A = Elapsed time spent in this place.
 B = Non-inter-level travel time spent in this place.
 C = Inter-level travel time spent in this place.
 D = Time resting spent in this place.
 E = Time spent auto-exploring this place.
 F = Levels seen in this place.
 G = Mean time per level.
                   A        B        C        D        E       F      G
               +--------+--------+--------+--------+--------+-----+--------+
         Total |   1923 |   1856 |     67 |      0 |   1363 |   4 |  480.8 |
       Dungeon |   1923 |   1856 |     67 |      0 |   1363 |   4 |  480.8 |
               +--------+--------+--------+--------+--------+-----+--------+

Top non-repeatable levels by time:
     D:3: 839 daAuts
     D:1: 613 daAuts
     D:2: 469 daAuts
     D:4: 1 daAuts
